 Dungeon Crawl Stone Soup version 0.22-a0-396-g3f858e3 (webtiles) character file.

5631 Borgoz the Fighter (level 10, -2/59 HPs)
             Began as a Gargoyle Gladiator on May 3, 2018.
             Was a Believer of Hepliaklqana.
             Slain by a two-headed ogre
             ... wielding a +0 giant club
              (19 damage)
             ... on level 9 of the Dungeon.
             The game lasted 00:20:29 (9405 turns).

Borgoz the Fighter (Gargoyle Gladiator)             Turns: 9405, Time: 00:20:30

Health: -2/59      AC: 21    Str: 18    XL:     10   Next: 74%
Magic:  10/10      EV: 13    Int:  9    God:    Hepliaklqana [**....]
Gold:   213        SH:  0    Dex: 14    Spells: 9/9 levels left

rFire    + . .     SeeInvis .   a - +0 flail
rCold    . . .     Gourm    .   (no shield)
rNeg     + . .     Faith    .   g - +1 scale mail {rF+}
rPois    ∞         Spirit   .   c - +0 helmet
rElec    +         Reflect  .   k - scarf {cloud immunity}
rCorr    .         Harm     .   (no gloves)
MR       .....                  (no boots)
Stlth    ..........             (no amulet)
HPRegen  0.19/turn              x - +4 ring of protection
MPRegen  0.12/turn              (no ring)

@: no status effects
A: reduced essence, negative energy resistance 1, electricity resistance,
unbreathing, petrification resistance, rot immunity, AC +7
a: Recall Ancestor, Ancestor Identity, Renounce Religion


You were on level 9 of the Dungeon.
You worshipped Hepliaklqana.
Hepliaklqana was pleased with you.
You were very hungry.

You visited 2 branches of the dungeon, and saw 10 of its levels.

You collected 395 gold pieces.
You spent 182 gold pieces at shops.

Inventory:

Hand Weapons
 a - a +0 flail (weapon)
Missiles
 d - 7 throwing nets (quivered)
Armour
 c - a +0 helmet (worn)
 g - a +1 scale mail of fire resistance (worn)
 k - a scarf of cloud immunity (worn)
 y - a +0 shield
Jewellery
 b - an uncursed ring of poison resistance
 p - an uncursed ring of ice
 x - a +4 ring of protection (left hand)
Wands
 j - a wand of polymorph (5)
 m - a wand of random effects (27)
Scrolls
 e - 3 scrolls of blinking
 i - 5 scrolls of remove curse
 l - a scroll of fear {unknown}
 n - a scroll of identify
 o - a scroll of teleportation {unknown}
 q - 3 scrolls of magic mapping
 t - 2 scrolls of enchant armour {unknown}
 v - a scroll of vulnerability {unknown}
 w - a scroll of enchant weapon
Potions
 h - a potion of resistance
 r - 3 potions of brilliance
 s - a potion of flight
 u - a potion of mutation
 A - a potion of curing
Comestibles
 f - 22 rations


   Skills:
 + Level 9.0 Fighting
 + Level 8.5 Maces & Flails
 - Level 1.7 Throwing
 + Level 8.5 Armour
 + Level 7.0 Dodging


You had 9 spell levels left.
You didn't know any spells.

Dungeon Overview and Level Annotations

Branches:
Dungeon (9/15)             Temple (1/1) D:5            Lair (0/6) D:8
    Orc (0/2) D:9

Altars:
Ashenzari
Cheibriados
Dithmenos
Elyvilon
Fedhas
Gozag
Hepliaklqana
Kikubaaqudgha
Makhleb
Nemelex Xobeh
Okawaru
Qazlal
Ru
Sif Muna
Trog
Uskayaw
Vehumet
Xom
Yredelemnul
Zin
The Shining One

Shops:
D:4 *   D:5 [   D:7 =   D:8 [


Innate Abilities, Weirdness & Mutations

You are resistant to torment.
Your stone body is resilient. (AC +7)
You are immune to poison.
You resist negative energy. (rN+)
You are resistant to electric shocks. (rElec)
You can survive without breathing.
You are immune to petrification.
You are immune to rotting.
Your life essence is reduced to manifest your ancestor. (-10% HP)


Message History

You sock the two-headed ogre!
The two-headed ogre is moderately wounded.
The two-headed ogre seems less confused.
The two-headed ogre hits you with a giant club!!
The two-headed ogre hits you but does no damage.
Thamphthis hits the two-headed ogre with a dagger of draining!
Thamphthis drains the two-headed ogre!
You catch the helpless two-headed ogre completely off-guard!
You hit the two-headed ogre.
The two-headed ogre is heavily wounded.
The two-headed ogre hits you but does no damage.
The two-headed ogre misses you.
Thamphthis casts a spell at the two-headed ogre.
The two-headed ogre easily resists.
You hit the two-headed ogre.
The two-headed ogre is heavily wounded.
The two-headed ogre hits you with a giant club!
* * * LOW HITPOINT WARNING * * *
The two-headed ogre hits you with a giant club!!
You die...

#.†......# .......
###'###### #######
#O#### #....##
####..# #######.###
#.......(.#
#..O......# #######
#.R@......####.)....
#............#......
#.........##.#......
#>........##.'......
#.<.......####......
#.<.......# #......
#.........# #######
###########


You could see the friendly Thamphthis the hexer and a two-headed ogre.

Vanquished Creatures
  A hornet (D:8)
  Sigmund (D:2)
  Eustachio (D:4)
  3 yaks (D:9)
  Menkaure (D:6)
  A black bear (D:7)
  An orc warrior (D:6)
  2 ice beasts (D:6)
  A phantom (D:6)
  A necrophage (D:6)
  A wolf (D:8)
  2 centaurs
  2 ogres (D:7)
  A big kobold (D:6)
  6 bullfrogs
  A scorpion (D:5)
  8 killer bees
  2 howler monkeys (D:8)
  A crimson imp (D:8)
  A centaur zombie (D:7)
  3 hounds (D:5)
  An iron imp (D:7)
  A jelly (D:8)
  2 orc wizards
  A centaur skeleton (D:4)
  A gnoll shaman (D:6)
  5 orc priests
  2 bullfrog skeletons
  Jessica (D:3)
  2 iguanas
  Terence (D:3)
  6 worker ants
  The ghost of VajrapaniSR the Chucker, a weakling OpHu (D:3)
  A hound zombie (D:8)
  A howler monkey zombie (D:6)
  Robin (D:2)
  A howler monkey skeleton (D:5)
  11 adders
  13 gnolls
  A shadow imp (D:6)
  A worm (D:2)
  3 dart slugs
  6 leopard geckos
  14 orcs
  3 ball pythons
  11 bats
  5 giant cockroaches
  16 goblins
  10 hobgoblins
  7 kobolds
  4 quokkas
  5 frilled lizards
  7 rats
186 creatures vanquished.

Vanquished Creatures (collateral kills)
  A yak (D:9)
  Grum (D:8)
  An orc warrior (D:6)
  A sky beast (D:5)
  2 ice beasts
  A black bear (D:8)
  An ogre (D:8)
  3 wolves (D:8)
  5 killer bees
  2 electric eels (D:8)
  A howler monkey (D:8)
  2 hounds
  2 iron imps (D:7)
  A shadow imp (D:5)
  8 orcs
  A quokka (D:6)
  5 kobolds (D:6)
38 creatures vanquished.

Vanquished Creatures (others)
  2 hexers
  3 ancestors
5 creatures vanquished.

Grand Total: 229 creatures vanquished

Notes
Turn   | Place    | Note
-------+----------+-------------------------------------------
     0 | D:1      | Borgoz the Gargoyle Gladiator began the quest for the Orb.
     0 | D:1      | Reached XP level 1. HP: 12/12 MP: 1/1
   379 | D:1      | Reached XP level 2. HP: 18/18 MP: 2/2
   474 | D:1      | Reached skill level 1 in Armour
   750 | D:1      | Reached XP level 3. HP: 22/22 MP: 3/3
  1128 | D:2      | Found a stormy altar of Qazlal.
  1436 | D:2      | Reached skill level 3 in Fighting
  1436 | D:2      | Reached XP level 4. HP: 25/28 MP: 4/4
  1571 | D:2      | Found a glowing golden altar of the Shining One.
  1712 | D:2      | Noticed Sigmund
  1731 | D:2      | Killed Sigmund
  1731 | D:2      | Reached XP level 5. HP: 27/33 MP: 5/5
  1731 | D:2      | Reached XP level 6. HP: 31/38 MP: 6/6
  1748 | D:2      | Noticed Robin
  1773 | D:2      | Killed Robin
  2044 | D:2      | Found a white marble altar of Elyvilon.
  2288 | D:3      | Noticed Jessica
  2292 | D:3      | Killed Jessica
  2292 | D:3      | Reached skill level 4 in Fighting
  2310 | D:3      | Noticed Terence
  2323 | D:3      | Killed Terence
  3095 | D:3      | Noticed VajrapaniSR's ghost (weakling OpHu)
  3107 | D:3      | Killed VajrapaniSR's ghost
  3660 | D:4      | Reached XP level 7. HP: 44/44 MP: 7/7
  3728 | D:4      | Found an iron altar of Okawaru.
  3946 | D:4      | Noticed Eustachio
  3958 | D:4      | Killed Eustachio
  3975 | D:4      | Found Zism's Assorted Antiques.
  3989 | D:4      | Bought a shiny scale mail for 182 gold pieces
  4128 | D:4      | Reached skill level 5 in Maces & Flails
  4158 | D:5      | Entered Level 5 of the Dungeon
  4173 | D:5      | Reached skill level 5 in Fighting
  4183 | D:5      | Found Raash's Antique Armour Boutique.
  4378 | D:5      | Found a staircase to the Ecumenical Temple.
  4435 | D:5      | Reached XP level 8. HP: 47/49 MP: 8/8
  4448 | Temple   | Entered the Ecumenical Temple
  4503 | Temple   | Became a worshipper of Hepliaklqana the Forgotten
  4657 | D:5      | Found a shattered altar of Ashenzari.
  4857 | D:5      | Reached skill level 5 in Armour
  5063 | D:5      | Found a glowing silver altar of Zin.
  5064 | D:5      | Found an opulent altar of Gozag.
  5240 | D:6      | Noticed Menkaure
  5250 | D:6      | Reached skill level 6 in Fighting
  5263 | D:6      | Killed Menkaure
  5263 | D:6      | Reached skill level 5 in Dodging
  5472 | D:6      | Found a bloodstained altar of Trog.
  5566 | D:6      | Reached XP level 9. HP: 31/50 MP: 9/9
  6059 | D:6      | Reached * piety under Hepliaklqana
  6722 | D:6      | Found a deep blue altar of Sif Muna.
  6948 | D:6      | Reached skill level 7 in Fighting
  7484 | D:7      | Found Naneasif's Jewellery Shoppe.
  7528 | D:7      | Found a burning altar of Makhleb.
  7878 | D:8      | Reached ** piety under Hepliaklqana
  7878 | D:8      | Found a staircase to the Lair.
  7879 | D:8      | Remembered your ancestor Thamphthis as a hexer
  7907 | D:8      | Reached XP level 10. HP: 57/57 MP: 10/10
  7952 | D:8      | Reached skill level 8 in Fighting
  7979 | D:8      | Found Rosivywk's Antique Armour Shoppe.
  8064 | D:8      | Noticed Grum
  8117 | D:8      | HP: 1/58 [Grum/spear of piercing (3)]
  8150 | D:8      | Killed Grum
  8606 | D:8      | Found an ancient bone altar of Kikubaaqudgha.
  8705 | D:8      | Found a blossoming altar of Fedhas.
  9030 | D:9      | Reached skill level 9 in Fighting
  9072 | D:9      | Found a staircase to the Orcish Mines.
  9091 | D:9      | Noticed a two-headed ogre
  9405 | D:9      | Slain by a two-headed ogre

Vault maps used:
D:1:      roderic_dead_forest
D:2:      lemuel_crystal_altar, overflow_temple_1_default, tso_metal_star,
          serial_glass, glass_columns_b, glass_columns_c, first_ration,
          uniq_robin, uniq_sigmund
D:3:      uniq_jessica, uniq_terence
D:4:      kennysheep_little_box, serial_shops, shop, uniq_eustachio
D:5:      grunt_temple_overflow_gold_and_silver, cheibrodos_ashenzari_chains,
          minmay_temple_entry_junction_2, serial_shops, shop
D:6:      bloody_trog, lemuel_blue_sif_altar, uniq_menkaure
D:7:      demons_altar, serial_shops, nicolae_shop_waterfront, grunt_ogre_cave
D:8:      fedhas_altar_4, kiku_gazebo_garden_becter, lair_entry_dummy,
          serial_shops, shop_fountains, kennysheep_big_empty_room, st_stairs_3,
          uniq_grum
D:9:      lemuel_coloured_pillars_altar, orc_0_dummy
Temple:   jpeg_temple_island

Skill      XL: |  1  2  3  4  5  6  7  8  9 10 |
---------------+-------------------------------+-----
Armour         | 1 2 3 4 5 7 8 |  8.5
Fighting       | 3 4 5 6 7 9 |  9.0
Maces & Flails | 4 5 6 7 8 |  8.5
Dodging        | 3 4 5 6 7 |  7.0
Throwing       | |  1.7

Action                   |  1- 3 |  4- 6 |  7- 9 | 10-12 || total
-------------------------+-------+-------+-------+-------++-------
Melee: Flail             |   136 |   174 |   481 |   196 ||   987
Invok: Ancestor Life: He |       |       |     1 |       ||     1
  Use: Scroll            |       |     3 |     9 |     2 ||    14
       Potion            |       |     3 |       |     2 ||     5
 Stab: Sleeping          |     1 |       |       |       ||     1
       Distracted        |       |       |     5 |     4 ||     9
       Confused          |       |       |       |     2 ||     2
  Eat: Chunk             |     2 |     7 |    11 |     4 ||    24
       Ration            |       |       |     1 |       ||     1
Armor: Leather armour    |    70 |    59 |    19 |       ||   148
       Skin              |       |    23 |       |       ||    23
       Scale mail        |       |       |   323 |   135 ||   458
Dodge: Dodged            |   127 |   108 |   421 |   195 ||   851

Table legend:
 A = Spawn XP
 B = Non-spawn XP
 C = Spawn XP percentage of total XP
 D = Spawn monster count
 E = Non-spawn monster count
 F = Spawn count percentage of total count
 G = Total turns spent on level
                    A         B        C        D         E        F      G
               +---------+---------+-------+---------+---------+-------+---------
         Total |       0 |    8045 |   0.0 |       0 |     224 |   0.0 |  9405
               +---------+---------+-------+---------+---------+-------+---------
           D:1 |       0 |      43 |   0.0 |       0 |      26 |   0.0 |  1088
           D:2 |       0 |     333 |   0.0 |       0 |      30 |   0.0 |  1126
           D:3 |       0 |     221 |   0.0 |       0 |      23 |   0.0 |  1388
           D:4 |       0 |     384 |   0.0 |       0 |      17 |   0.0 |   556
           D:5 |       0 |     694 |   0.0 |       0 |      19 |   0.0 |   866
           D:6 |       0 |    1998 |   0.0 |       0 |      45 |   0.0 |  2251
           D:7 |       0 |     946 |   0.0 |       0 |      24 |   0.0 |   517
           D:8 |       0 |    2164 |   0.0 |       0 |      27 |   0.0 |  1274
           D:9 |       0 |    1262 |   0.0 |       0 |      13 |   0.0 |   253
               +---------+---------+-------+---------+---------+-------+---------
